 Dungeon Crawl Stone Soup version 0.18-b1-22-ge198996 (webtiles) character file.

49 RudyRod the Conjurer (level 3, 0/39 HPs)
             Began as a Demonspawn Conjurer on May 3, 2016.
             Slain by Crazy Yiuf
             ... wielding a +3 quarterstaff of chaos
              (1 damage)
             ... on level 2 of the Dungeon.
             The game lasted 00:09:43 (1913 turns).

RudyRod the Conjurer (Demonspawn Conjurer)          Turns: 1913, Time: 00:09:44

Health: 0/39       AC: 21    Str:  5    XL:     3   Next: 53%
Magic:  1/6        EV:  2    Int: 17    God:
Gold:   44         SH:  0    Dex: 13    Spells: 1 memorised, 5 levels left

rFire  . . .     SeeInvis .     n - +0 short sword
rCold  . . .     Gourm    .     (armour currently unavailable)
rNeg   + + +     Faith    .     (no shield)
rPois  +         Spirit   .     (helmet currently unavailable)
rElec  .         Dismiss  .     (cloak currently unavailable)
rCorr  .         Reflect  .     (gloves currently unavailable)
SustAt +         Harm     .     (boots currently unavailable)
MR     .....     NoTele   +     (no amulet)
Stlth  ++........               j - -3 ring of strength (curse)
                                o - ring of sustain attributes

@: tree-form, not resistant to hostile enchantments, unstealthy
A: (claws 0), (hooves 0)
a: no special abilities


You were on level 2 of the Dungeon.
You were not hungry.
You were a tree.
You visited 1 branch of the dungeon, and saw 2 of its levels.

You collected 44 gold pieces.

Inventory:

Hand Weapons
 n - a +0 short sword (weapon)
Armour
 a - a +0 robe (melded)
Jewellery
 h - an uncursed ring of see invisible
 j - a cursed -3 ring of strength (right branch)
 o - a ring of sustain attributes (left branch)
Scrolls
 e - 3 scrolls of noise {unknown}
 f - a scroll of magic mapping
 g - a scroll of identify
 k - a scroll of teleportation
 l - a scroll of enchant weapon {unknown}
 m - a scroll of fog {unknown}
Potions
 d - a potion of lignification
Books
 b - a book of Conjurations

   Spells                             Type                      Level
   a - Magic Dart                     Conjuration                  1
   b - Searing Ray                    Conjuration                  2
   c - Dazzling Spray                 Conjuration/Hexes            3
   d - Fulminant Prism                Conjuration/Hexes            4
   e - Iskenderun's Mystic Blast      Conjuration                  4
   f - Iskenderun's Battlesphere      Conjuration/Charms           5
Comestibles
 c - a bread ration
 i - 2 chunks of flesh


   Skills:
 + Level 1.0 Fighting
 + Level 2.1 Dodging
 + Level 1.8 Stealth
 + Level 2.2 Spellcasting
 + Level 4.8 Conjurations


You had 5 spell levels left.
You knew the following spells:

 Your Spells              Type           Power        Failure   Level  Hunger
a - Magic Dart            Conj           ###.         2%          1    #......


Dungeon Overview and Level Annotations

Branches:
Dungeon (2/15)

Altars:
Kikubaaqudgha
Zin

Annotations:
D:2 Crazy Yiuf


Innate Abilities, Weirdness & Mutations

((You have sharp fingernails.))
((You have large cloven feet.))


Message History

Crazy Yiuf twirls on the spot.
Crazy Yiuf hits you with a quarterstaff of chaos.
* * * LOW HITPOINT WARNING * * *
You convulse.
* * * LOW HITPOINT WARNING * * *
Crazy Yiuf hits you but does no damage. x2
Crazy Yiuf hits you with a quarterstaff of chaos.
* * * LOW HITPOINT WARNING * * *
You feel your power leaking away.
You can move again.
Read which item? (? for menu, Esc to quit)
You cannot teleport because you are held in place by your roots.
You barely miss Crazy Yiuf.
Crazy Yiuf is heavily wounded.
Crazy Yiuf hits you but does no damage.
You closely miss Crazy Yiuf.
Crazy Yiuf is heavily wounded.
Crazy Yiuf says, "Snower!"
Crazy Yiuf hits you with a quarterstaff of chaos.
You die...

#....,,**#.#*,,...##..###
#....,,,,...,,#...*#.##
#...#.,,....,,#.##*#.#####
#...##*####***#.,,,,,.....
##### *,**,,,..... #####
*,**,*,..... #)..#
**,,,*,..... #.g.#
*,,,,,,.g... #.♣.#
*,,,,,,..... ##.##
*,,,,,*#.... ♣.♣♣
*>,,,,,,.#.. ♣♣.♣
*,,,,,.##... ♣.♣♣
*,,,,,...... ♣♣.♣
*,,*,.....#. ♣♣.♣♣
##.......... ########
♣♣...♣ #.....#.....
#......# ♣....♣
#...........


You could see Crazy Yiuf.

Vanquished Creatures
  2 dart slugs
  3 giant geckos
  5 giant cockroaches
  3 goblins (D:1)
  3 hobgoblins
  6 jackals (D:1)
  4 kobolds
  2 quokkas (D:2)
  5 bats
  A giant newt (D:1)
  2 rats
36 creatures vanquished.

Notes
Turn   | Place    | Note
--------------------------------------------------------------
     0 | D:1      | RudyRod the Demonspawn Conjurer began the quest for the Orb.
     0 | D:1      | Reached XP level 1. HP: 13/13 MP: 3/3
   550 | D:1      | Gained mutation: You have sharp fingernails. [demonic ancestry]
   550 | D:1      | Reached XP level 2. HP: 17/19 MP: 1/5
  1261 | D:1      | Gained mutation: You have large cloven feet. [demonic ancestry]
  1261 | D:1      | Reached XP level 3. HP: 23/25 MP: 0/6
  1814 | D:2      | Reached skill level 1 in Fighting
  1856 | D:2      | Found an ancient bone altar of Kikubaaqudgha.
  1856 | D:2      | Found a glowing silver altar of Zin.
  1892 | D:2      | Noticed Crazy Yiuf
  1905 | D:2      | Paralysed by Crazy Yiuf for 7 turns
  1911 | D:2      | HP: 1/39 [Crazy Yiuf/quarterstaff of chaos (2)]
  1913 | D:2      | Slain by Crazy Yiuf

Skill      XL: |  1  2  3 |
---------------+----------+-----
Dodging        | 2 |  2.1
Fighting       | 1 |  1.0
Stealth        | |  1.8
Spellcasting   | |  2.2
Conjurations   | |  4.8

Action                   || total
-------------------------++-------
Melee: Unarmed           ||    27
       Short sword       ||    25
       Kick              ||     2
 Cast: Magic Dart        ||    73
  Use: Scroll            ||     6
       Potion            ||     1
  Eat: Chunk             ||     4
Armor: Robe              ||    20
       Skin              ||     8
Dodge: Dodged            ||    53
